3386 views
Uploaded 2020-04-02 01:45:48
Game version 1.32.3
41:43 long 4on4 ladder game on (8)Northshire_LV
Saved by ChuckleMan
3386 views
Uploaded 2020-04-02 01:45:48
Game version 1.32.3
41:43 long 4on4 ladder game on (8)Northshire_LV


286 units @ 42.3k
/ 6.3k
122 buildings @ 17.2k
/ 8.1k


| Healing Salve | 3 | 300 |
| Lesser Clarity Potion | 2 | 140 |
| Scroll of Speed | 1 | 50 |
| Orb of Lightning | 1 | 375 |
| Potion of Mana | 1 | 200 |
| Scroll of Healing | 1 | 250 |
| Scroll of Town Portal | 5 | 1750 |
| Potion of Lesser Invulnerability | 1 | 150 |
| total: | 15 | 3215g |
| Peon | 30 | 2250 | / | 0 |
| Grunt | 3 | 600 | / | 0 |
| Troll Headhunter | 5 | 700 | / | 100 |
| Kodo Beast | 3 | 765 | / | 180 |
| Wind Rider | 7 | 1855 | / | 280 |
| Shaman | 3 | 390 | / | 60 |
| Troll Berserker | 10 | 1400 | / | 200 |
| Troll Witch Doctor | 6 | 870 | / | 150 |
| Demolisher | 5 | 1100 | / | 250 |
| Raider | 5 | 900 | / | 200 |
| total: | 77 | 10830g | / | 1420w |
| Watch Tower | 3 | 330 | / | 240 |
| Altar of Storms | 1 | 180 | / | 50 |
| Barracks | 2 | 360 | / | 100 |
| Orc Burrow | 17 | 2720 | / | 680 |
| Voodoo Lounge | 1 | 130 | / | 30 |
| War Mill | 1 | 205 | / | 0 |
| Great Hall | 2 | 770 | / | 370 |
| Spirit Lodge | 2 | 300 | / | 300 |
| Beastiary | 1 | 145 | / | 140 |
| Stronghold | 1 | 315 | / | 190 |
| Fortress | 1 | 325 | / | 190 |
| total: | 30 | 5140g | / | 1910w |
| 0:03 | Peon |
| 0:03 | Peon |
| 0:03 | Peon |
| 0:07 | Altar of Storms |
| 0:16 | Barracks |
| 0:23 | Orc Burrow |
| 0:34 | Peon |
| 0:46 | Barracks |
| 1:01 | Peon |
| 1:33 | Orc Burrow |
| 1:35 | Peon |
| 1:58 | Grunt |
| 2:04 | Voodoo Lounge |
| 2:10 | Peon |
| 2:23 | War Stomp |
| 2:33 | Grunt |
| 2:45 | Peon |
| 3:03 | Stronghold |
| 3:13 | Healing Salve |
| 3:35 | War Mill |
| 3:43 | Grunt |
| 5:13 | Troll Headhunter |
| 5:44 | Troll Headhunter |
| 5:45 | Troll Regeneration |
| 6:06 | Spirit Lodge |
| 6:10 | Troll Headhunter |
| 6:14 | Orc Burrow |
| 6:17 | Endurance Aura |
| 6:28 | Healing Salve |
| 6:29 | Lesser Clarity Potion |
| 6:29 | Scroll of Speed |
| 6:37 | Hex |
| 6:41 | Fortress |
| 7:05 | Troll Headhunter |
| 7:11 | Beastiary |
| 7:24 | Great Hall |
| 7:47 | Troll Headhunter |
| 7:49 | Shaman Adept Training |
| 7:54 | Orc Burrow |
| 8:13 | Steel Ranged Weapons |
| 8:47 | Kodo Beast |
| 9:07 | Shaman Master Training |
| 9:31 | Endurance Aura |
| 9:44 | Healing Wave |
| 9:49 | War Drums Damage Increase |
| 10:22 | Spirit Lodge |
| 10:34 | Berserker Upgrade |
| 11:09 | Envenomed Spears |
| 11:09 | Wind Rider |
| 11:13 | Shaman |
| 11:19 | Potion of Lesser Invulnerability |
| 11:28 | Troll Berserker |
| 11:28 | Troll Berserker |
| 11:48 | Healing Wave |
| 12:03 | Witch Doctor Adept Training |
| 12:03 | Troll Witch Doctor |
| 12:05 | Shaman |
| 12:05 | Shaman |
| 12:29 | Wind Rider |
| 12:29 | Wind Rider |
| 12:47 | Troll Berserker |
| 12:47 | Troll Berserker |
| 12:53 | Peon |
| 12:53 | Peon |
| 12:53 | Peon |
| 13:06 | Scroll of Healing |
| 13:25 | Witch Doctor Master Training |
| 13:27 | Troll Witch Doctor |
| 13:33 | Orc Burrow |
| 14:54 | Shockwave |
| 15:00 | Kodo Beast |
| 15:00 | Kodo Beast |
| 15:03 | Troll Witch Doctor |
| 15:03 | Troll Witch Doctor |
| 15:56 | Burning Oil |
| 15:57 | Demolisher |
| 15:57 | Demolisher |
| 16:24 | Hex |
| 16:56 | Scroll of Town Portal |
| 17:03 | Peon |
| 17:03 | Peon |
| 17:04 | Peon |
| 17:04 | Peon |
| 19:09 | Ensnare |
| 19:13 | Troll Witch Doctor |
| 19:16 | Orc Burrow |
| 19:31 | Endurance Aura |
| 19:43 | Wind Rider |
| 19:43 | Wind Rider |
| 19:43 | Wind Rider |
| 19:43 | Wind Rider |
| 19:46 | Steel Armor |
| 21:01 | Orc Burrow |
| 21:05 | Scroll of Town Portal |
| 22:09 | Scroll of Town Portal |
| 22:09 | Orb of Lightning |
| 22:20 | Lesser Clarity Potion |
| 22:20 | Potion of Mana |
| 22:49 | Orc Burrow |
| 23:17 | Peon |
| 23:17 | Peon |
| 23:18 | Peon |
| 23:50 | Orc Burrow |
| 24:25 | Orc Burrow |
| 24:28 | Orc Burrow |
| 25:07 | Healing Wave |
| 25:31 | Troll Berserker |
| 25:54 | Troll Berserker |
| 27:04 | Orc Burrow |
| 27:14 | Scroll of Town Portal |
| 27:39 | Reincarnation |
| 27:52 | Orc Burrow |
| 28:19 | Orc Burrow |
| 28:33 | Orc Burrow |
| 28:36 | Reinforced Defenses |
| 29:13 | Watch Tower |
| 29:15 | Peon |
| 29:15 | Peon |
| 29:32 | Watch Tower |
| 31:27 | Peon |
| 31:27 | Peon |
| 31:27 | Peon |
| 31:57 | Big Bad Voodoo |
| 32:11 | Peon |
| 32:24 | Great Hall |
| 33:02 | Raider |
| 33:02 | Raider |
| 33:03 | Raider |
| 33:03 | Raider |
| 33:08 | Berserker Strength |
| 33:10 | Steel Melee Weapons |
| 33:52 | Raider |
| 33:53 | Demolisher |
| 33:53 | Demolisher |
| 33:54 | Demolisher |
| 34:00 | Peon |
| 34:43 | Orc Burrow |
| 34:57 | Troll Berserker |
| 34:58 | Troll Berserker |
| 34:58 | Troll Berserker |
| 35:00 | Spiked Barricades |
| 35:15 | Peon |
| 35:15 | Peon |
| 35:15 | Peon |
| 35:15 | Peon |
| 36:01 | Troll Berserker |
| 36:05 | Peon |
| 36:08 | Watch Tower |
| 36:57 | Scroll of Town Portal |
| 37:15 | Troll Witch Doctor |
| 37:40 | Healing Salve |
| 38:24 | Orc Burrow |
| 39:09 | Pillage |
| 41:19 | Shockwave |
| Select group | 1631 |
| Right click | 1266 |
| Select | 637 |
| Build/train/purchase | 179 |
| Misc. action | 113 |
| Use ability | 89 |
| Minimap ping | 38 |
| Assign group | 30 |
| Item give/drop | 4 |


| Scroll of Regeneration | 5 | 500 |
| Potion of Healing | 2 | 300 |
| Ivory Tower | 3 | 120 |
| Lesser Clarity Potion | 1 | 70 |
| Scroll of Healing | 1 | 250 |
| Scroll of Town Portal | 2 | 700 |
| Scroll of Protection | 1 | 150 |
| total: | 15 | 2090g |
| Peasant | 34 | 2550 | / | 0 |
| Rifleman | 26 | 5330 | / | 780 |
| Mortar Team | 6 | 1080 | / | 420 |
| Flying Machine | 4 | 400 | / | 120 |
| Goblin Shredder | 1 | 375 | / | 100 |
| total: | 71 | 9735g | / | 1420w |
| Scout Tower | 2 | 60 | / | 40 |
| Guard Tower | 4 | 280 | / | 200 |
| Blacksmith | 1 | 140 | / | 60 |
| Barracks | 2 | 320 | / | 120 |
| Altar of Kings | 2 | 360 | / | 100 |
| Farm | 10 | 800 | / | 200 |
| Lumber Mill | 1 | 120 | / | 0 |
| Arcane Vault | 1 | 130 | / | 30 |
| Town Hall | 3 | 1155 | / | 615 |
| Workshop | 3 | 420 | / | 420 |
| Arcane Sanctum | 1 | 150 | / | 140 |
| Keep | 1 | 320 | / | 210 |
| Castle | 1 | 360 | / | 210 |
| total: | 26 | 3655g | / | 1725w |
| 0:05 | Peasant |
| 0:05 | Peasant |
| 0:09 | Peasant |
| 0:09 | Peasant |
| 0:53 | Blacksmith |
| 0:55 | Barracks |
| 0:58 | Altar of Kings |
| 1:02 | Altar of Kings |
| 1:04 | Farm |
| 1:08 | Farm |
| 1:11 | Peasant |
| 1:26 | Peasant |
| 1:29 | Peasant |
| 1:44 | Peasant |
| 2:05 | Farm |
| 2:17 | Rifleman |
| 2:22 | Lumber Mill |
| 2:42 | Rifleman |
| 2:48 | Black Gunpowder |
| 3:09 | Holy Light |
| 3:12 | Rifleman |
| 3:43 | Keep |
| 4:06 | Rifleman |
| 4:10 | Farm |
| 4:22 | Devotion Aura |
| 4:30 | Scout Tower |
| 4:31 | Scout Tower |
| 4:33 | Rifleman |
| 4:58 | Rifleman |
| 5:11 | Arcane Vault |
| 5:14 | Guard Tower |
| 5:25 | Farm |
| 5:41 | Rifleman |
| 6:14 | Holy Light |
| 6:22 | Rifleman |
| 6:34 | Long Rifles |
| 6:41 | Scroll of Regeneration |
| 6:49 | Town Hall |
| 7:06 | Guard Tower |
| 7:22 | Improved Lumber Harvesting |
| 7:31 | Scroll of Regeneration |
| 7:54 | Rifleman |
| 9:05 | Rifleman |
| 9:13 | Rifleman |
| 9:25 | Potion of Healing |
| 9:35 | Barracks |
| 10:23 | Refined Gunpowder |
| 10:26 | Peasant |
| 10:26 | Peasant |
| 10:27 | Peasant |
| 10:27 | Peasant |
| 10:32 | Rifleman |
| 10:36 | Peasant |
| 10:36 | Peasant |
| 10:36 | Peasant |
| 10:36 | Peasant |
| 10:37 | Peasant |
| 10:48 | Scroll of Regeneration |
| 10:51 | Ivory Tower |
| 10:51 | Ivory Tower |
| 11:08 | Guard Tower |
| 11:16 | Farm |
| 11:16 | Farm |
| 11:20 | Farm |
| 11:21 | Farm |
| 11:25 | Rifleman |
| 11:37 | Rifleman |
| 11:53 | Rifleman |
| 12:26 | Farm |
| 12:43 | Rifleman |
| 13:04 | Divine Shield |
| 13:11 | Divine Shield |
| 13:49 | Scroll of Protection |
| 13:50 | Scroll of Healing |
| 14:02 | Goblin Shredder |
| 14:59 | Holy Light |
| 15:10 | Rifleman |
| 15:37 | Workshop |
| 15:40 | Workshop |
| 15:43 | Workshop |
| 15:44 | Castle |
| 16:36 | Rifleman |
| 16:52 | Scroll of Regeneration |
| 16:52 | Lesser Clarity Potion |
| 16:54 | Scroll of Town Portal |
| 16:55 | Ivory Tower |
| 17:11 | Mortar Team |
| 17:12 | Mortar Team |
| 17:14 | Mortar Team |
| 17:59 | Drunken Haze |
| 18:16 | Fragmentation Shards |
| 18:57 | Divine Shield |
| 19:08 | Rifleman |
| 19:32 | Mortar Team |
| 19:55 | Guard Tower |
| 20:04 | Mortar Team |
| 20:04 | Mortar Team |
| 20:52 | Peasant |
| 21:16 | Peasant |
| 21:16 | Peasant |
| 21:20 | Rifleman |
| 21:26 | Flak Cannons |
| 21:27 | Flying Machine |
| 21:52 | Rifleman |
| 21:54 | Flying Machine |
| 22:26 | Rifleman |
| 22:28 | Flying Machine |
| 23:14 | Rifleman |
| 23:25 | Peasant |
| 23:25 | Peasant |
| 24:58 | Drunken Brawler |
| 25:38 | Rifleman |
| 25:43 | Peasant |
| 25:43 | Peasant |
| 25:44 | Peasant |
| 25:44 | Peasant |
| 25:44 | Peasant |
| 25:47 | Resurrection |
| 26:51 | Drunken Haze |
| 27:09 | Peasant |
| 27:52 | Town Hall |
| 28:21 | Scroll of Regeneration |
| 28:25 | Potion of Healing |
| 29:02 | Rifleman |
| 29:40 | Peasant |
| 29:40 | Peasant |
| 29:40 | Peasant |
| 29:40 | Peasant |
| 29:40 | Peasant |
| 30:00 | Arcane Sanctum |
| 30:03 | Flying Machine |
| 30:27 | Peasant |
| 31:08 | Rifleman |
| 31:16 | Magic Sentry |
| 32:05 | Scroll of Town Portal |
| 33:15 | Town Hall |
| 40:48 | Divine Shield |
| Right click | 1695 |
| Select | 314 |
| Select group | 230 |
| Build/train/purchase | 133 |
| Use ability | 57 |
| Assign group | 48 |
| Misc. action | 33 |
| Item give/drop | 3 |
| Esc | 3 |
| Minimap ping | 2 |

| Scroll of Regeneration | 1 | 100 |
| Dust of Appearance | 1 | 75 |
| Scroll of Town Portal | 3 | 1050 |
| Potion of Lesser Invulnerability | 2 | 300 |
| total: | 7 | 1525g |
| Peasant | 16 | 1200 | / | 0 |
| Footman | 4 | 540 | / | 0 |
| Rifleman | 7 | 1435 | / | 210 |
| Siege Engine | 13 | 2535 | / | 780 |
| Goblin Shredder | 1 | 375 | / | 100 |
| Goblin Zeppelin | 1 | 240 | / | 60 |
| total: | 42 | 6325g | / | 1150w |
| Scout Tower | 14 | 420 | / | 280 |
| Arcane Tower | 3 | 210 | / | 150 |
| Guard Tower | 4 | 280 | / | 200 |
| Barracks | 2 | 320 | / | 120 |
| Farm | 13 | 1040 | / | 260 |
| Altar of Kings | 1 | 180 | / | 50 |
| Blacksmith | 1 | 140 | / | 60 |
| Arcane Vault | 1 | 130 | / | 30 |
| Lumber Mill | 1 | 120 | / | 0 |
| Town Hall | 2 | 770 | / | 410 |
| Cannon Tower | 1 | 120 | / | 100 |
| Workshop | 8 | 1120 | / | 1120 |
| Keep | 1 | 320 | / | 210 |
| Castle | 1 | 360 | / | 210 |
| total: | 43 | 4240g | / | 2330w |
| 0:05 | Peasant |
| 0:05 | Peasant |
| 0:19 | Barracks |
| 0:23 | Farm |
| 0:32 | Altar of Kings |
| 0:34 | Peasant |
| 0:52 | Peasant |
| 0:55 | Peasant |
| 1:24 | Footman |
| 1:28 | Peasant |
| 1:28 | Peasant |
| 1:36 | Farm |
| 2:12 | Footman |
| 2:16 | Barracks |
| 2:24 | Blacksmith |
| 2:29 | Peasant |
| 2:29 | Peasant |
| 2:38 | Storm Bolt |
| 3:08 | Scout Tower |
| 3:33 | Farm |
| 3:37 | Scout Tower |
| 3:48 | Arcane Vault |
| 3:59 | Rifleman |
| 4:04 | Farm |
| 4:06 | Arcane Tower |
| 4:44 | Rifleman |
| 5:05 | Scroll of Regeneration |
| 5:14 | Scout Tower |
| 5:18 | Scout Tower |
| 5:26 | Scout Tower |
| 5:44 | Rifleman |
| 5:52 | Farm |
| 5:59 | Bash |
| 6:06 | Keep |
| 6:29 | Rifleman |
| 6:31 | Farm |
| 7:39 | Farm |
| 7:51 | Dust of Appearance |
| 8:08 | Lumber Mill |
| 8:22 | Farm |
| 8:24 | Arcane Tower |
| 8:38 | Goblin Shredder |
| 8:40 | Goblin Zeppelin |
| 9:13 | Farm |
| 9:15 | Rifleman |
| 10:02 | Guard Tower |
| 10:11 | Castle |
| 10:35 | Footman |
| 10:36 | Footman |
| 10:57 | Workshop |
| 10:58 | Workshop |
| 11:04 | Workshop |
| 11:05 | Workshop |
| 11:13 | Workshop |
| 11:14 | Workshop |
| 11:21 | Rifleman |
| 11:54 | Workshop |
| 12:04 | Workshop |
| 12:20 | Farm |
| 12:32 | Siege Engine |
| 12:45 | Rifleman |
| 12:50 | Siege Engine |
| 12:58 | Siege Engine |
| 13:04 | Farm |
| 13:35 | Siege Engine |
| 13:37 | Barrage |
| 14:07 | Siege Engine |
| 14:59 | Storm Bolt |
| 15:18 | Siege Engine |
| 16:25 | Siege Engine |
| 16:29 | Improved Lumber Harvesting |
| 17:12 | Farm |
| 17:15 | Siege Engine |
| 19:07 | Town Hall |
| 19:42 | Siege Engine |
| 20:14 | Siege Engine |
| 20:20 | Farm |
| 20:44 | Improved Masonry |
| 21:04 | Scout Tower |
| 21:04 | Scout Tower |
| 21:05 | Scout Tower |
| 21:06 | Scout Tower |
| 21:07 | Scout Tower |
| 21:25 | Guard Tower |
| 21:43 | Scroll of Town Portal |
| 21:47 | Bash |
| 21:57 | Peasant |
| 22:28 | Scout Tower |
| 22:29 | Scout Tower |
| 22:30 | Peasant |
| 22:48 | Potion of Lesser Invulnerability |
| 23:21 | Guard Tower |
| 23:23 | Arcane Tower |
| 23:25 | Scout Tower |
| 23:27 | Peasant |
| 23:57 | Guard Tower |
| 24:00 | Scout Tower |
| 24:34 | Cannon Tower |
| 25:51 | Storm Bolt |
| 26:40 | Advanced Masonry |
| 26:41 | Siege Engine |
| 30:06 | Potion of Lesser Invulnerability |
| 30:08 | Scroll of Town Portal |
| 30:18 | Imbued Masonry |
| 30:22 | Studded Leather Armor |
| 33:41 | Siege Engine |
| 35:39 | Peasant |
| 35:40 | Peasant |
| 35:40 | Peasant |
| 36:27 | Town Hall |
| 40:20 | Avatar |
| 41:27 | Peasant |
| 41:30 | Siege Engine |
| 41:41 | Scroll of Town Portal |
| Right click | 1542 |
| Select | 605 |
| Build/train/purchase | 81 |
| Select group | 51 |
| Resource trade | 47 |
| Assign group | 21 |
| Minimap ping | 15 |
| Chat | 13 |
| Misc. action | 12 |
| Use ability | 11 |
| Remove unit | 5 |



| Potion of Healing | 5 | 750 |
| Lesser Clarity Potion | 1 | 70 |
| Scroll of Town Portal | 13 | 4550 |
| Dust of Appearance | 1 | 75 |
| Scroll of Regeneration | 2 | 200 |
| Scroll of Speed | 2 | 100 |
| Orb of Lightning | 1 | 375 |
| total: | 25 | 6120g |
| Wisp | 31 | 1860 | / | 0 |
| Archer | 11 | 1430 | / | 110 |
| Druid of the Talon | 4 | 580 | / | 80 |
| Hippogryph | 30 | 4800 | / | 600 |
| Chimaera | 16 | 5280 | / | 1120 |
| Goblin Shredder | 4 | 1500 | / | 400 |
| total: | 96 | 15450g | / | 2310w |
| Ancient Protector | 4 | 540 | / | 320 |
| Moon Well | 8 | 1440 | / | 320 |
| Ancient of War | 1 | 150 | / | 60 |
| Altar of Elders | 1 | 180 | / | 50 |
| Ancient of Wonders | 1 | 90 | / | 30 |
| Tree of Life | 3 | 1020 | / | 555 |
| Hunter's Hall | 1 | 210 | / | 100 |
| Ancient of Wind | 1 | 150 | / | 140 |
| Chimaera Roost | 3 | 420 | / | 570 |
| Tree of Ages | 4 | 1280 | / | 720 |
| Tree of Eternity | 4 | 1320 | / | 800 |
| total: | 23 | 4200g | / | 2145w |
| 0:05 | Wisp |
| 0:05 | Wisp |
| 0:10 | Moon Well |
| 0:13 | Wisp |
| 0:38 | Wisp |
| 0:53 | Ancient of War |
| 0:57 | Wisp |
| 1:04 | Wisp |
| 1:11 | Wisp |
| 1:16 | Altar of Elders |
| 1:22 | Moon Well |
| 1:25 | Wisp |
| 1:25 | Wisp |
| 1:25 | Wisp |
| 1:25 | Wisp |
| 1:25 | Wisp |
| 1:55 | Archer |
| 1:55 | Archer |
| 1:55 | Archer |
| 1:56 | Archer |
| 1:56 | Archer |
| 2:21 | Moon Well |
| 2:30 | Wisp |
| 2:36 | Archer |
| 2:36 | Archer |
| 2:36 | Archer |
| 2:36 | Archer |
| 2:49 | Wisp |
| 2:54 | Archer |
| 3:06 | Archer |
| 3:10 | Ancient of Wonders |
| 3:53 | Tree of Ages |
| 3:54 | Tree of Ages |
| 4:39 | Tree of Life |
| 5:02 | Trueshot Aura |
| 5:03 | Searing Arrows |
| 6:07 | Hunter's Hall |
| 6:25 | Tree of Eternity |
| 6:25 | Tree of Eternity |
| 6:36 | Ancient of Wind |
| 6:42 | Wisp |
| 6:57 | Goblin Shredder |
| 6:58 | Goblin Shredder |
| 6:58 | Goblin Shredder |
| 6:58 | Goblin Shredder |
| 7:15 | Trueshot Aura |
| 7:42 | Potion of Healing |
| 7:42 | Potion of Healing |
| 7:42 | Potion of Healing |
| 8:11 | Entangling Roots |
| 8:41 | Druid of the Talon |
| 8:44 | Druid of the Talon |
| 9:41 | Chimaera Roost |
| 9:42 | Chimaera Roost |
| 9:43 | Chimaera Roost |
| 9:47 | Hippogryph |
| 9:47 | Hippogryph |
| 9:47 | Hippogryph |
| 9:47 | Hippogryph |
| 9:47 | Hippogryph |
| 9:47 | Hippogryph |
| 9:47 | Hippogryph |
| 9:48 | Hippogryph |
| 9:48 | Hippogryph |
| 9:48 | Hippogryph |
| 10:01 | Wisp |
| 10:02 | Wisp |
| 10:02 | Wisp |
| 10:02 | Wisp |
| 10:55 | Scroll of Regeneration |
| 10:58 | Lesser Clarity Potion |
| 11:02 | Scroll of Town Portal |
| 11:11 | Moon Well |
| 11:12 | Moon Well |
| 11:13 | Moon Well |
| 11:15 | Moon Well |
| 11:16 | Moon Well |
| 11:19 | Corrosive Breath |
| 11:37 | Thorns Aura |
| 11:38 | Dust of Appearance |
| 12:11 | Chimaera |
| 12:13 | Strength of the Wild |
| 12:14 | Improved Strength of the Wild |
| 13:27 | Chimaera |
| 13:27 | Chimaera |
| 13:27 | Chimaera |
| 13:27 | Chimaera |
| 13:28 | Chimaera |
| 13:35 | Advanced Strength of the Wild |
| 14:26 | Chimaera |
| 14:26 | Chimaera |
| 14:26 | Chimaera |
| 14:26 | Chimaera |
| 15:43 | Ancient Protector |
| 16:34 | Scroll of Regeneration |
| 16:39 | Scroll of Town Portal |
| 16:48 | Reinforced Hides |
| 16:48 | Improved Reinforced Hides |
| 16:51 | Potion of Healing |
| 16:51 | Potion of Healing |
| 16:55 | Fan of Knives |
| 17:10 | Scout |
| 17:59 | Entangling Roots |
| 18:23 | Wisp |
| 18:24 | Wisp |
| 18:24 | Wisp |
| 18:24 | Wisp |
| 19:38 | Tree of Life |
| 19:42 | Ancient Protector |
| 19:43 | Ancient Protector |
| 20:01 | Druid of the Talon |
| 20:01 | Druid of the Talon |
| 20:04 | Scroll of Town Portal |
| 20:04 | Scroll of Town Portal |
| 20:04 | Scroll of Town Portal |
| 20:04 | Scroll of Town Portal |
| 20:50 | Ancient Protector |
| 21:06 | Hippogryph |
| 21:06 | Hippogryph |
| 21:06 | Hippogryph |
| 21:07 | Hippogryph |
| 21:07 | Hippogryph |
| 21:07 | Hippogryph |
| 21:07 | Hippogryph |
| 21:07 | Hippogryph |
| 21:07 | Hippogryph |
| 21:19 | Trueshot Aura |
| 21:30 | Wisp |
| 21:30 | Wisp |
| 22:39 | Wisp |
| 22:39 | Wisp |
| 22:39 | Wisp |
| 22:39 | Wisp |
| 22:39 | Wisp |
| 22:41 | Wisp |
| 23:26 | Scroll of Town Portal |
| 23:26 | Scroll of Town Portal |
| 23:27 | Scroll of Town Portal |
| 23:27 | Scroll of Town Portal |
| 23:27 | Scroll of Town Portal |
| 23:46 | Scroll of Town Portal |
| 23:47 | Scroll of Speed |
| 23:53 | Shadow Strike |
| 25:22 | Chimaera |
| 25:23 | Chimaera |
| 25:23 | Chimaera |
| 25:23 | Chimaera |
| 25:23 | Chimaera |
| 25:23 | Chimaera |
| 25:42 | Thorns Aura |
| 26:32 | Orb of Lightning |
| 26:34 | Scroll of Speed |
| 26:35 | Scroll of Town Portal |
| 27:05 | Hippogryph |
| 27:05 | Hippogryph |
| 27:05 | Hippogryph |
| 27:05 | Hippogryph |
| 27:05 | Hippogryph |
| 27:06 | Hippogryph |
| 27:06 | Hippogryph |
| 27:34 | Hippogryph |
| 27:34 | Hippogryph |
| 27:34 | Hippogryph |
| 27:34 | Hippogryph |
| 28:20 | Tree of Life |
| 28:44 | Fan of Knives |
| 36:53 | Starfall |
| 40:33 | Thorns Aura |
| Right click | 3383 |
| Select group | 1663 |
| Select | 506 |
| Build/train/purchase | 229 |
| Use ability | 85 |
| Minimap ping | 57 |
| Assign group | 36 |
| Esc | 8 |
| Item give/drop | 5 |
| Remove unit | 2 |
174 units @ 28.2k
/ 4.4k
225 buildings @ 31.3k
/ 17.1k


| Rod of Necromancy | 2 | 300 |
| Sacrificial Skull | 1 | 50 |
| Potion of Healing | 1 | 150 |
| Orb of Corruption | 1 | 375 |
| Potion of Mana | 1 | 200 |
| Scroll of Town Portal | 8 | 2800 |
| total: | 14 | 3875g |
| Acolyte | 12 | 900 | / | 0 |
| Ghoul | 2 | 240 | / | 0 |
| Crypt Fiend | 3 | 645 | / | 120 |
| Obsidian Statue | 5 | 1000 | / | 175 |
| Frost Wyrm | 10 | 3850 | / | 1200 |
| Goblin Shredder | 1 | 375 | / | 100 |
| total: | 33 | 7010g | / | 1595w |
| Ziggurat | 9 | 1350 | / | 450 |
| Altar of Darkness | 1 | 180 | / | 50 |
| Crypt | 1 | 200 | / | 50 |
| Graveyard | 1 | 215 | / | 0 |
| Tomb of Relics | 1 | 130 | / | 30 |
| Necropolis | 2 | 450 | / | 0 |
| Slaughterhouse | 1 | 140 | / | 135 |
| Sacrificial Pit | 1 | 75 | / | 150 |
| Boneyard | 3 | 525 | / | 600 |
| Halls of the Dead | 1 | 320 | / | 210 |
| Black Citadel | 1 | 325 | / | 230 |
| Watch Tower | 2 | 220 | / | 160 |
| Altar of Storms | 1 | 180 | / | 50 |
| total: | 23 | 3665g | / | 1675w |
| 0:04 | Acolyte |
| 0:04 | Acolyte |
| 0:06 | Ziggurat |
| 0:30 | Acolyte |
| 0:36 | Altar of Darkness |
| 0:41 | Crypt |
| 1:06 | Graveyard |
| 1:24 | Tomb of Relics |
| 1:43 | Ghoul |
| 1:49 | Ziggurat |
| 1:58 | Ghoul |
| 2:31 | Crypt Fiend |
| 2:34 | Rod of Necromancy |
| 2:37 | Sacrificial Skull |
| 2:39 | Death Coil |
| 2:58 | Crypt Fiend |
| 3:32 | Halls of the Dead |
| 3:58 | Necropolis |
| 4:10 | Unholy Aura |
| 4:35 | Ziggurat |
| 5:02 | Goblin Shredder |
| 5:19 | Rod of Necromancy |
| 5:31 | Acolyte |
| 5:32 | Acolyte |
| 5:41 | Death Coil |
| 6:01 | Black Citadel |
| 6:05 | Acolyte |
| 6:54 | Slaughterhouse |
| 6:56 | Sacrificial Pit |
| 6:58 | Ziggurat |
| 6:58 | Ziggurat |
| 6:58 | Ziggurat |
| 7:04 | Creature Carapace |
| 7:29 | Web |
| 7:51 | Sleep |
| 7:54 | Unholy Aura |
| 8:04 | Obsidian Statue |
| 9:00 | Boneyard |
| 9:01 | Boneyard |
| 9:02 | Boneyard |
| 9:04 | Ziggurat |
| 9:06 | Creature Attack |
| 9:11 | Potion of Healing |
| 9:11 | Orb of Corruption |
| 9:17 | Potion of Mana |
| 9:23 | Crypt Fiend |
| 9:36 | Improved Creature Carapace |
| 10:02 | Acolyte |
| 10:12 | Obsidian Statue |
| 10:29 | Vampiric Aura |
| 10:54 | Frost Wyrm |
| 10:59 | Scroll of Town Portal |
| 11:05 | Improved Creature Attack |
| 11:21 | Ziggurat |
| 12:14 | Frost Wyrm |
| 12:16 | Freezing Breath |
| 12:25 | Advanced Creature Carapace |
| 13:22 | Frost Wyrm |
| 13:49 | Scroll of Town Portal |
| 14:03 | Frost Wyrm |
| 14:09 | Acolyte |
| 14:32 | Acolyte |
| 14:32 | Acolyte |
| 15:22 | Frost Wyrm |
| 16:25 | Vampiric Aura |
| 16:46 | Obsidian Statue |
| 16:59 | Frost Wyrm |
| 17:02 | Scroll of Town Portal |
| 17:22 | Ziggurat |
| 17:31 | Advanced Creature Attack |
| 18:44 | Death Coil |
| 19:48 | Sleep |
| 20:12 | Frost Wyrm |
| 21:04 | Obsidian Statue |
| 21:06 | Acolyte |
| 21:06 | Acolyte |
| 21:30 | Animate Dead |
| 22:05 | Scroll of Town Portal |
| 23:17 | Frost Wyrm |
| 23:59 | Frost Wyrm |
| 24:36 | Scroll of Town Portal |
| 24:42 | Obsidian Statue |
| 26:37 | Unholy Aura |
| 27:03 | Frost Wyrm |
| 27:21 | Vampiric Aura |
| 27:30 | Scroll of Town Portal |
| 29:41 | Scroll of Town Portal |
| 30:16 | Inferno |
| 30:33 | Altar of Storms |
| 31:44 | Death Pact |
| 37:05 | Sleep |
| 37:40 | Necropolis |
| 38:07 | Scroll of Town Portal |
| 38:47 | Watch Tower |
| 38:53 | Watch Tower |
| Right click | 1056 |
| Select group | 688 |
| Select | 526 |
| Assign group | 104 |
| Build/train/purchase | 97 |
| Chat | 79 |
| Use ability | 75 |
| Minimap ping | 18 |
| Misc. action | 8 |
| Item give/drop | 6 |
| Esc | 1 |


| Healing Salve | 2 | 200 |
| Scroll of Town Portal | 1 | 350 |
| total: | 3 | 550g |
| Peon | 12 | 900 | / | 0 |
| Troll Headhunter | 13 | 1820 | / | 260 |
| Troll Witch Doctor | 4 | 580 | / | 100 |
| Shaman | 2 | 260 | / | 40 |
| Troll Berserker | 1 | 140 | / | 20 |
| Wind Rider | 12 | 3180 | / | 480 |
| total: | 44 | 6880g | / | 900w |
| Watch Tower | 5 | 550 | / | 400 |
| Altar of Storms | 1 | 180 | / | 50 |
| Orc Burrow | 9 | 1440 | / | 360 |
| War Mill | 2 | 410 | / | 0 |
| Barracks | 1 | 180 | / | 50 |
| Voodoo Lounge | 1 | 130 | / | 30 |
| Great Hall | 1 | 385 | / | 185 |
| Spirit Lodge | 2 | 300 | / | 300 |
| Stronghold | 1 | 315 | / | 190 |
| Fortress | 1 | 325 | / | 190 |
| total: | 22 | 3575g | / | 1375w |
| 0:03 | Peon |
| 0:03 | Peon |
| 0:12 | Altar of Storms |
| 0:16 | Orc Burrow |
| 0:28 | Peon |
| 0:39 | War Mill |
| 0:50 | Peon |
| 1:04 | Peon |
| 1:15 | Barracks |
| 1:22 | Peon |
| 1:41 | Orc Burrow |
| 1:46 | Peon |
| 2:00 | Voodoo Lounge |
| 2:10 | Peon |
| 2:20 | Troll Headhunter |
| 2:33 | Watch Tower |
| 2:40 | War Stomp |
| 2:52 | Troll Headhunter |
| 3:10 | Troll Headhunter |
| 3:42 | Troll Headhunter |
| 3:45 | Stronghold |
| 3:56 | Healing Salve |
| 4:18 | Troll Headhunter |
| 4:26 | Orc Burrow |
| 4:31 | Endurance Aura |
| 4:49 | Troll Headhunter |
| 4:50 | Steel Ranged Weapons |
| 5:36 | Troll Headhunter |
| 5:57 | Troll Headhunter |
| 6:06 | Spirit Lodge |
| 6:13 | Spirit Lodge |
| 6:18 | Troll Headhunter |
| 6:34 | Endurance Aura |
| 6:59 | Troll Headhunter |
| 7:04 | Healing Salve |
| 7:09 | Orc Burrow |
| 7:21 | Scroll of Town Portal |
| 7:31 | Troll Witch Doctor |
| 7:37 | Witch Doctor Adept Training |
| 8:14 | Shaman Adept Training |
| 8:46 | Fortress |
| 8:51 | Troll Witch Doctor |
| 9:30 | Troll Headhunter |
| 10:13 | Steel Armor |
| 10:33 | Healing Wave |
| 10:34 | Troll Headhunter |
| 10:44 | Orc Burrow |
| 11:10 | Witch Doctor Master Training |
| 11:11 | Shaman Master Training |
| 11:13 | Berserker Upgrade |
| 11:13 | Troll Headhunter |
| 11:38 | Troll Witch Doctor |
| 11:39 | Shaman |
| 12:05 | Thorium Ranged Weapons |
| 12:13 | Great Hall |
| 12:53 | War Stomp |
| 13:00 | Troll Witch Doctor |
| 13:01 | Shaman |
| 13:03 | Troll Berserker |
| 13:08 | Orc Burrow |
| 13:45 | Thorium Armor |
| 28:38 | Wind Rider |
| 28:38 | Wind Rider |
| 28:39 | Wind Rider |
| 28:39 | Wind Rider |
| 28:39 | Wind Rider |
| 28:39 | Wind Rider |
| 28:39 | Wind Rider |
| 28:40 | Wind Rider |
| 28:52 | War Mill |
| 29:34 | Wind Rider |
| 29:58 | Orc Burrow |
| 30:07 | Watch Tower |
| 30:11 | Watch Tower |
| 30:24 | Peon |
| 30:24 | Peon |
| 30:58 | Watch Tower |
| 31:04 | Peon |
| 31:04 | Peon |
| 31:33 | Watch Tower |
| 32:34 | Wind Rider |
| 32:45 | Orc Burrow |
| 33:30 | Orc Burrow |
| 34:59 | Wind Rider |
| 36:12 | Wind Rider |
| Chat | 3411 |
| Right click | 363 |
| Select | 328 |
| Minimap ping | 77 |
| Build/train/purchase | 74 |
| Misc. action | 29 |
| Use ability | 17 |
⇛
ChuckleMan
(103)
(41:42) : 
| Lesser Clarity Potion | 7 | 490 |
| Healing Salve | 3 | 300 |
| Tiny Great Hall | 1 | 600 |
| Potion of Healing | 1 | 150 |
| Potion of Mana | 1 | 200 |
| Orb of Lightning | 1 | 375 |
| Scroll of Speed | 1 | 50 |
| Scroll of Healing | 2 | 500 |
| Staff of Teleportation | 2 | 300 |
| Boots of Speed | 1 | 250 |
| Scroll of Protection | 2 | 300 |
| Circlet of Nobility | 1 | 175 |
| total: | 23 | 3690g |
| Peon | 34 | 2550 | / | 0 |
| Troll Batrider | 19 | 3040 | / | 760 |
| Goblin Shredder | 4 | 1500 | / | 400 |
| total: | 57 | 7090g | / | 1160w |
| Watch Tower | 119 | 13090 | / | 9520 |
| War Mill | 4 | 820 | / | 0 |
| Altar of Storms | 1 | 180 | / | 50 |
| Orc Burrow | 6 | 960 | / | 240 |
| Great Hall | 6 | 2310 | / | 1110 |
| Voodoo Lounge | 3 | 390 | / | 90 |
| Beastiary | 4 | 580 | / | 560 |
| Stronghold | 1 | 315 | / | 190 |
| Fortress | 1 | 325 | / | 190 |
| total: | 143 | 18330g | / | 11570w |
| 0:05 | Peon |
| 0:05 | Peon |
| 0:09 | War Mill |
| 0:17 | Peon |
| 0:37 | Peon |
| 0:41 | Altar of Storms |
| 0:54 | Orc Burrow |
| 1:05 | Peon |
| 1:19 | Peon |
| 1:37 | Watch Tower |
| 1:39 | Peon |
| 1:54 | Peon |
| 1:54 | Peon |
| 2:02 | Orc Burrow |
| 2:12 | Peon |
| 2:30 | Watch Tower |
| 2:34 | Peon |
| 2:42 | Wind Walk |
| 2:49 | Peon |
| 3:41 | Watch Tower |
| 3:54 | Stronghold |
| 4:40 | Critical Strike |
| 4:45 | Great Hall |
| 4:48 | Watch Tower |
| 4:59 | Voodoo Lounge |
| 5:11 | Goblin Shredder |
| 5:22 | Watch Tower |
| 5:23 | Watch Tower |
| 5:24 | Watch Tower |
| 5:54 | Watch Tower |
| 6:04 | Lesser Clarity Potion |
| 6:04 | Lesser Clarity Potion |
| 6:04 | Healing Salve |
| 6:17 | Watch Tower |
| 6:27 | Watch Tower |
| 6:34 | Watch Tower |
| 6:54 | Watch Tower |
| 6:55 | Watch Tower |
| 6:57 | Watch Tower |
| 7:21 | Wind Walk |
| 7:27 | Reinforced Defenses |
| 7:43 | Watch Tower |
| 7:44 | Watch Tower |
| 8:01 | Staff of Teleportation |
| 8:01 | Boots of Speed |
| 8:25 | Scroll of Protection |
| 8:30 | Scroll of Healing |
| 8:40 | Watch Tower |
| 8:40 | Watch Tower |
| 8:41 | Watch Tower |
| 8:47 | Fortress |
| 8:50 | Watch Tower |
| 9:10 | Goblin Shredder |
| 9:15 | War Mill |
| 9:16 | War Mill |
| 9:25 | Watch Tower |
| 9:41 | Watch Tower |
| 9:44 | Watch Tower |
| 9:47 | Watch Tower |
| 9:51 | Watch Tower |
| 9:57 | Voodoo Lounge |
| 10:27 | Watch Tower |
| 10:28 | Watch Tower |
| 10:28 | Watch Tower |
| 10:32 | Watch Tower |
| 10:41 | Spiked Barricades |
| 10:51 | Peon |
| 10:52 | Peon |
| 10:52 | Peon |
| 10:54 | Peon |
| 11:07 | Watch Tower |
| 11:12 | Watch Tower |
| 11:15 | Watch Tower |
| 11:28 | Watch Tower |
| 11:31 | Watch Tower |
| 11:32 | Watch Tower |
| 11:48 | Watch Tower |
| 11:52 | Watch Tower |
| 11:56 | Watch Tower |
| 11:59 | Watch Tower |
| 12:00 | Watch Tower |
| 12:02 | Lesser Clarity Potion |
| 12:03 | Lesser Clarity Potion |
| 12:08 | Tiny Great Hall |
| 12:14 | Watch Tower |
| 12:37 | Watch Tower |
| 12:43 | Healing Salve |
| 12:45 | Potion of Healing |
| 12:47 | Potion of Mana |
| 12:53 | Watch Tower |
| 12:54 | Watch Tower |
| 13:36 | Peon |
| 13:36 | Peon |
| 13:36 | Peon |
| 13:37 | Peon |
| 13:37 | Peon |
| 13:45 | Watch Tower |
| 13:45 | Watch Tower |
| 13:47 | Peon |
| 13:47 | Peon |
| 13:48 | Peon |
| 13:48 | Peon |
| 13:50 | Watch Tower |
| 13:50 | Watch Tower |
| 13:53 | Lesser Clarity Potion |
| 14:07 | Orb of Lightning |
| 14:09 | Scroll of Speed |
| 14:21 | Watch Tower |
| 14:21 | Watch Tower |
| 14:25 | Watch Tower |
| 14:40 | Critical Strike |
| 14:56 | Watch Tower |
| 14:56 | Watch Tower |
| 14:57 | Watch Tower |
| 15:00 | Watch Tower |
| 15:00 | Watch Tower |
| 15:03 | Watch Tower |
| 15:07 | Watch Tower |
| 15:07 | Watch Tower |
| 15:08 | Watch Tower |
| 15:17 | Peon |
| 15:17 | Peon |
| 15:22 | Watch Tower |
| 15:23 | Watch Tower |
| 15:23 | Watch Tower |
| 15:23 | Watch Tower |
| 15:31 | Peon |
| 15:31 | Peon |
| 15:37 | Watch Tower |
| 15:38 | Watch Tower |
| 15:50 | Watch Tower |
| 15:51 | Watch Tower |
| 15:58 | Watch Tower |
| 16:01 | Watch Tower |
| 16:09 | Watch Tower |
| 16:10 | Watch Tower |
| 16:11 | Watch Tower |
| 16:26 | Watch Tower |
| 16:27 | Watch Tower |
| 16:32 | Peon |
| 16:32 | Peon |
| 16:32 | Peon |
| 16:36 | Peon |
| 16:36 | Peon |
| 16:38 | Watch Tower |
| 16:39 | Watch Tower |
| 16:54 | Watch Tower |
| 17:01 | Watch Tower |
| 17:02 | Watch Tower |
| 17:19 | Watch Tower |
| 17:19 | Watch Tower |
| 17:23 | Watch Tower |
| 17:23 | Watch Tower |
| 17:45 | Watch Tower |
| 17:45 | Watch Tower |
| 17:45 | Watch Tower |
| 17:46 | Watch Tower |
| 17:46 | Watch Tower |
| 17:52 | Watch Tower |
| 17:57 | Wind Walk |
| 18:40 | Lesser Clarity Potion |
| 18:40 | Healing Salve |
| 18:42 | Lesser Clarity Potion |
| 18:46 | Watch Tower |
| 18:46 | Watch Tower |
| 18:47 | Watch Tower |
| 19:35 | Watch Tower |
| 19:39 | Beastiary |
| 19:40 | Beastiary |
| 19:42 | Beastiary |
| 19:42 | Beastiary |
| 20:07 | Goblin Shredder |
| 20:13 | War Mill |
| 20:25 | Orc Burrow |
| 20:25 | Orc Burrow |
| 20:32 | Watch Tower |
| 20:35 | Watch Tower |
| 20:38 | Watch Tower |
| 20:39 | Watch Tower |
| 20:52 | Troll Batrider |
| 20:56 | Orc Burrow |
| 20:58 | Orc Burrow |
| 21:05 | Watch Tower |
| 21:11 | Watch Tower |
| 21:11 | Watch Tower |
| 21:19 | Troll Batrider |
| 21:23 | Troll Batrider |
| 21:38 | Watch Tower |
| 21:54 | Troll Batrider |
| 22:01 | Great Hall |
| 22:18 | Troll Batrider |
| 22:31 | Liquid Fire |
| 22:48 | Troll Batrider |
| 22:56 | Goblin Shredder |
| 23:13 | Troll Batrider |
| 23:17 | Bladestorm |
| 23:33 | Troll Batrider |
| 24:16 | Troll Batrider |
| 25:01 | Critical Strike |
| 25:02 | Troll Batrider |
| 25:02 | Troll Batrider |
| 25:08 | Troll Batrider |
| 25:31 | Troll Batrider |
| 25:44 | Great Hall |
| 26:04 | Troll Batrider |
| 26:35 | Watch Tower |
| 26:36 | Watch Tower |
| 26:36 | Watch Tower |
| 26:46 | Troll Batrider |
| 26:59 | Watch Tower |
| 27:17 | Troll Batrider |
| 27:46 | Watch Tower |
| 27:46 | Watch Tower |
| 27:47 | Watch Tower |
| 27:47 | Watch Tower |
| 28:14 | Mirror Image |
| 28:36 | Steel Ranged Weapons |
| 28:36 | Steel Armor |
| 28:48 | Great Hall |
| 28:50 | Great Hall |
| 29:12 | Watch Tower |
| 29:12 | Watch Tower |
| 29:12 | Watch Tower |
| 29:13 | Watch Tower |
| 29:13 | Watch Tower |
| 29:46 | Troll Batrider |
| 30:21 | Watch Tower |
| 30:22 | Watch Tower |
| 30:22 | Watch Tower |
| 30:23 | Watch Tower |
| 32:47 | Great Hall |
| 33:40 | Mirror Image |
| 37:51 | Troll Batrider |
| 38:11 | Voodoo Lounge |
| 38:28 | Troll Batrider |
| 39:44 | Circlet of Nobility |
| 39:44 | Staff of Teleportation |
| 39:46 | Scroll of Protection |
| 40:15 | Scroll of Healing |
| 40:49 | Mirror Image |
| Right click | 1957 |
| Select group | 696 |
| Select | 444 |
| Chat | 384 |
| Build/train/purchase | 250 |
| Use ability | 127 |
| Assign group | 88 |
| Misc. action | 47 |
| Resource trade | 12 |
| Item give/drop | 8 |
| Esc | 8 |
| Minimap ping | 2 |
| Remove unit | 1 |


| Potion of Healing | 1 | 150 |
| Scroll of Healing | 1 | 250 |
| Scroll of Town Portal | 1 | 350 |
| Boots of Speed | 2 | 500 |
| Periapt of Vitality | 1 | 325 |
| Circlet of Nobility | 1 | 175 |
| total: | 7 | 1750g |
| Peon | 10 | 750 | / | 0 |
| Grunt | 11 | 2200 | / | 0 |
| Troll Headhunter | 3 | 420 | / | 60 |
| Wind Rider | 9 | 2385 | / | 360 |
| Demolisher | 3 | 660 | / | 150 |
| Troll Berserker | 3 | 420 | / | 60 |
| Goblin Shredder | 1 | 375 | / | 100 |
| total: | 40 | 7210g | / | 730w |
| Watch Tower | 15 | 1650 | / | 1200 |
| Orc Burrow | 11 | 1760 | / | 440 |
| Altar of Storms | 1 | 180 | / | 50 |
| War Mill | 3 | 615 | / | 0 |
| Barracks | 2 | 360 | / | 100 |
| Great Hall | 2 | 770 | / | 370 |
| Voodoo Lounge | 1 | 130 | / | 30 |
| Beastiary | 2 | 290 | / | 280 |
| Stronghold | 1 | 315 | / | 190 |
| Fortress | 1 | 325 | / | 190 |
| total: | 37 | 5755g | / | 2470w |
| 0:02 | Peon |
| 0:09 | Orc Burrow |
| 0:14 | Altar of Storms |
| 0:17 | Peon |
| 0:19 | Peon |
| 0:33 | Peon |
| 0:49 | Orc Burrow |
| 1:04 | Peon |
| 1:14 | Peon |
| 1:26 | War Mill |
| 1:42 | Barracks |
| 1:59 | Orc Burrow |
| 2:04 | Orc Burrow |
| 2:05 | Orc Burrow |
| 2:19 | Serpent Ward |
| 2:50 | Grunt |
| 2:50 | Grunt |
| 3:34 | Grunt |
| 3:45 | Stronghold |
| 4:02 | Watch Tower |
| 4:14 | Steel Melee Weapons |
| 4:22 | Troll Headhunter |
| 4:34 | Troll Headhunter |
| 4:58 | Steel Ranged Weapons |
| 5:03 | Troll Headhunter |
| 5:29 | Orc Burrow |
| 5:30 | Orc Burrow |
| 5:58 | Healing Wave |
| 6:26 | Fortress |
| 6:53 | Goblin Shredder |
| 7:47 | Boots of Speed |
| 8:10 | Periapt of Vitality |
| 8:50 | Thorium Melee Weapons |
| 8:54 | Thorium Ranged Weapons |
| 8:55 | Spiked Barricades |
| 8:55 | Reinforced Defenses |
| 8:56 | Steel Armor |
| 9:45 | Grunt |
| 9:53 | Serpent Ward |
| 10:19 | Berserker Upgrade |
| 10:20 | Berserker Strength |
| 10:20 | Troll Regeneration |
| 10:25 | Great Hall |
| 10:31 | Peon |
| 10:32 | Peon |
| 10:32 | Peon |
| 10:32 | Peon |
| 11:04 | Arcanite Melee Weapons |
| 11:32 | Voodoo Lounge |
| 11:49 | Beastiary |
| 11:51 | Beastiary |
| 12:08 | Grunt |
| 12:08 | Grunt |
| 12:14 | Burning Oil |
| 12:29 | Arcanite Ranged Weapons |
| 12:33 | Feral Spirit |
| 12:50 | Potion of Healing |
| 13:16 | Orc Burrow |
| 13:16 | Orc Burrow |
| 13:18 | Orc Burrow |
| 13:20 | Orc Burrow |
| 13:24 | Pillage |
| 13:27 | Backpack |
| 14:04 | War Mill |
| 14:12 | Wind Rider |
| 14:16 | Wind Rider |
| 14:35 | Boots of Speed |
| 14:46 | Circlet of Nobility |
| 14:49 | Scroll of Healing |
| 15:43 | Wind Rider |
| 15:48 | Wind Rider |
| 15:52 | Wind Rider |
| 16:06 | Watch Tower |
| 16:06 | Watch Tower |
| 16:07 | Watch Tower |
| 16:08 | Watch Tower |
| 16:10 | Watch Tower |
| 16:11 | Watch Tower |
| 16:14 | Watch Tower |
| 16:15 | Watch Tower |
| 16:16 | Watch Tower |
| 16:17 | Watch Tower |
| 16:18 | Watch Tower |
| 16:19 | Watch Tower |
| 16:19 | Watch Tower |
| 16:20 | Watch Tower |
| 16:41 | Wind Rider |
| 16:43 | Wind Rider |
| 17:26 | Wind Rider |
| 17:43 | Wind Rider |
| 18:05 | War Mill |
| 18:29 | Envenomed Spears |
| 18:31 | Improved Spiked Barricades |
| 18:53 | Grunt |
| 18:53 | Grunt |
| 18:59 | Grunt |
| 19:25 | Thorium Armor |
| 20:10 | Barracks |
| 20:35 | Demolisher |
| 20:35 | Demolisher |
| 21:42 | Great Hall |
| 22:14 | Grunt |
| 22:17 | Troll Berserker |
| 22:18 | Troll Berserker |
| 22:19 | Troll Berserker |
| 23:07 | Arcanite Armor |
| 23:27 | Grunt |
| 24:10 | Scroll of Town Portal |
| 25:00 | Healing Wave |
| 25:05 | Demolisher |
| Select group | 214 |
| Right click | 206 |
| Select | 161 |
| Chat | 121 |
| Build/train/purchase | 77 |
| Use ability | 26 |
| Assign group | 24 |
| Misc. action | 15 |
| Resource trade | 5 |
| Remove unit | 3 |
| Minimap ping | 2 |
| Item give/drop | 1 |